 Dungeon Crawl Stone Soup version 0.23.0-28-g6fe0f4d (webtiles) character file.

Game seed: 15384266496489004267

74 redwoodhats the Sneak (level 3, 0/27 HPs)
             Began as a Demigod Enchanter on Feb 25, 2019.
             Slain by a hobgoblin
             ... wielding a +0 club
              (3 damage)
             ... on level 3 of the Dungeon.
             The game lasted 00:18:01 (3184 turns).

redwoodhats the Sneak (Demigod Enchanter)           Turns: 3184, Time: 00:18:02

Health: 0/27       AC:  3    Str: 11    XL:     3   Next: 86%
Magic:  0/8        EV: 13    Int: 21    God:
Gold:   98         SH:  0    Dex: 16    Spells: 3/6 levels left

rFire    . . .     SeeInvis .   f - +2 dagger (flame)
rCold    + . .     Gourm    .   (no shield)
rNeg     + . .     Faith    .   b - +1 robe
rPois    .         Spirit   .   (no helmet)
rElec    .         Reflect  .   (no cloak)
rCorr    .         Harm     .   (no gloves)
MR       .....                  (no boots)
Stlth    +++.......             (no amulet)
HPRegen  0.09/turn              k - ring of protection from cold
MPRegen  0.11/turn              i - ring of positive energy

@: very slightly contaminated
A: high mp 1
a: no special abilities


You were on level 3 of the Dungeon.
You were not hungry.

You visited 1 branch of the dungeon, and saw 3 of its levels.

You collected 98 gold pieces.

Inventory:

Hand Weapons
 a - a +1 dagger
 f - a +2 dagger of flaming (weapon)
 g - a +2 mace of draining
Armour
 b - a +1 robe (worn)
Jewellery
 i - a ring of positive energy (right hand)
 k - a ring of protection from cold (left hand)
 l - an uncursed ring of see invisible
Scrolls
 h - 4 scrolls of identify
Comestibles
 d - a ration


   Skills:
 + Level 0.5 Fighting
 + Level 1.2 Short Blades
 + Level 0.8 Maces & Flails
 + Level 2.0 Dodging
 + Level 3.5 Stealth
 + Level 2.1 Spellcasting
 + Level 3.0 Hexes
 + Level 0.4 Ice Magic


You had 3 spell levels left.
You knew the following spells:

 Your Spells              Type           Power        Failure   Level  Hunger
a - Corona                Hex            ###....      4%          1    #......
b - Ensorcelled Hibernat  Hex/Ice        #.....       11%         2    ##.....

Your spell library contained the following spells:

 Spells                   Type           Power        Failure   Level  Hunger
 Confuse                  Hex            ###.....     12%         3    ###....
 Tukima's Dance           Hex            ###.....     12%         3    ###....
 Dazzling Spray           Conj/Hex       #.....       24%         3    ###....


Dungeon Overview and Level Annotations

Branches:
Dungeon (3/15)


Innate Abilities, Weirdness & Mutations

You have an increased reservoir of magic. (+10% MP)


Message History

Confirm with . or Enter, or press ? or * to list all spells.
Aiming: Ensorcelled Hibernation (safe; 11% risk of failure)
Press: ? - help, Shift-Dir - straight line, f/p - kobold
Aim: a kobold (chance to defeat MR: 58%)
The kobold resists with significant effort.
A hobgoblin comes into view. It is wielding a +0 club.
The kobold closely misses you.
Casting: Ensorcelled Hibernation (safe; 11% risk of failure)
Confirm with . or Enter, or press ? or * to list all spells.
Aiming: Ensorcelled Hibernation (safe; 11% risk of failure)
Press: ? - help, Shift-Dir - straight line, f/p - kobold
Aim: a kobold (chance to defeat MR: 58%)
The kobold looks drowsy...
You barely miss the hobgoblin. The hobgoblin misses you.
The kobold shouts!
You hit the hobgoblin but do no damage. The hobgoblin hits you with a +0 club.
* * * LOW HITPOINT WARNING * * *
The kobold closely misses you.
You barely miss the hobgoblin. The hobgoblin hits you with a +0 club.
You die...

....K.########.#####.######..
..... #.# #..# #.. .... #†#
##.## #.. #.. #.# ..# #.. #.
#.# #.## ##. #
#.#######..####.
#.............#.
#############.##.#
#.@.#.)........#.#
#####g#K#.###....(.#.#
...).#g#.# #)....(#.#
####..#'#.# #........##
..........# #....#(.(..
#####.#....####'#.#..##.
......'.......#.#.#...#
#######[...##.#.#.#.#÷##
#..'....#..#.#.#....#


You could see 2 hobgoblins and a kobold.

Vanquished Creatures
  4 adders
  2 worms (D:2)
  A dart slug (D:1)
  2 leopard geckos
  An orc (D:3)
  3 bats
  A giant cockroach (D:1)
  3 goblins
  3 hobgoblins
  5 kobolds
  3 rats (D:2)
28 creatures vanquished.

Notes
Turn   | Place    | Note
-------+----------+-------------------------------------------
     0 | D:1      | redwoodhats the Demigod Enchanter began the quest for the
                  | Orb.
     0 | D:1      | Reached XP level 1. HP: 14/14 MP: 5/5
  1120 | D:1      | Reached skill level 1 in Short Blades
  1120 | D:1      | Reached XP level 2. HP: 20/20 MP: 7/7
  1446 | D:2      | Learned a level 2 spell: Ensorcelled Hibernation
  1735 | D:2      | Reached XP level 3. HP: 24/26 MP: 1/8
  2425 | D:2      | Found a faded altar of an unknown god.
  3184 | D:3      | Slain by a hobgoblin

Skill      XL: |  1  2  3 |
---------------+----------+-----
Short Blades   | 1 |  1.2
Stealth        | 3 |  3.5
Hexes          | 3 |  3.0
Spellcasting   | 2 |  2.1
Dodging        | 2 |  2.0
Fighting       | |  0.5
Maces & Flails | |  0.8
Ice Magic      | |  0.4

Action                   || total
-------------------------++-------
Melee: Dagger            ||    56
       Mace              ||    51
 Cast: Corona            ||     3
       Ensorcelled Hiber ||    13
  Use: Potion            ||     7
       Scroll            ||    10
 Stab: Sleeping          ||     6
  Eat: Ration            ||     2
       Chunk             ||     2
Armor: Robe              ||    15
Dodge: Dodged            ||    81
